 Dungeon Crawl Stone Soup version 0.28.0-53-g5a82cb258f (webtiles) character file.

Game seed: 17690264361302930426

57 eooof the Skirmisher (level 3, -1/31 HPs)
             Began as a Minotaur Warper on June 29, 2022.
             Was a Follower of Okawaru.
             Slain by a gnoll
             ... wielding a +0 halberd
              (10 damage)
             ... on level 3 of the Dungeon.
             The game lasted 00:10:17 (1467 turns).

eooof the Skirmisher (Minotaur Warper)              Turns: 1467, Time: 00:10:18

Health: -1/31      AC:  7    Str: 17    XL:     3   Next: 73%
Magic:  4/4        EV: 10    Int: 10    God:    Okawaru [*.....]
Gold:   53         SH:  0    Dex:  9    Spells: 4/5 levels left

rFire   . . .      SeeInvis .   a - +0 falchion (freeze)
rCold   . . .      Faith    .   (no shield)
rNeg    . . .      Spirit   .   l - +0 scale mail
rPois   +          Reflect  .   (helmet restricted)
rElec   .          Harm     .   (no cloak)
rCorr   .          Rampage  .   (no gloves)
Will    .....                   g - +0 pair of boots
Stlth   ..........              (no amulet)
HPRegen 0.10/turn               h - ring of poison resistance
MPRegen 0.09/turn               (no ring)

@: no status effects
A: horns 2, retaliatory headbutt
a: Renounce Religion, Heroism


You were on level 3 of the Dungeon.
You worshipped Okawaru.
Okawaru was aware of your devotion.
You visited 1 branch of the dungeon, and saw 3 of its levels.

You collected 53 gold pieces.

Inventory:

Hand Weapons
 a - a +0 falchion of freezing (weapon)
 j - a +2 dagger of venom
Missiles
 d - 5 boomerangs of dispersal (quivered)
 i - 4 throwing nets
Armour
 b - a +0 leather armour
 g - a +0 pair of boots (worn)
 l - a +0 scale mail (worn)
Jewellery
 h - a ring of poison resistance (left hand)
Scrolls
 c - a scroll of blinking
 m - a scroll of magic mapping {unknown}
Potions
 k - a potion of invisibility {unknown}


   Skills:
 * Level 3.2 Fighting
 - Level 1.0(1.9) Short Blades
 + Level 2.7(2.8) Long Blades
 - Level 1.1 Throwing
 + Level 2.1 Armour
 - Level 2.3 Dodging
 - Level 1.5 Spellcasting
 - Level 0.1 Conjurations
 - Level 2.3 Translocations
 - Level 0.2 Air Magic


You had 4 spell levels left.
You knew the following spells:

 Your Spells              Type           Power      Damage    Failure   Level
a - Shock                 Conj/Air       4%         1d3       71%         1

Your spell library contained the following spells:

 Spells                   Type           Power      Damage    Failure   Level
 Blink                    Tloc           10%        N/A       54%         2
 Gell's Gravitas          Tloc           5%         N/A       77%         3
 Lesser Beckoning         Tloc           5%         N/A       77%         3
 Teleport Other           Tloc           5%         N/A       77%         3
 Swiftness                Air            1%         N/A       97%         3
 Airstrike                Air            0%         N/A       100%        4
 Manifold Assault         Tloc           5%         N/A       100%        5


Dungeon Overview and Level Annotations

Branches:
Dungeon (3/15)

Altars:
Okawaru


Innate Abilities, Weirdness & Mutations

You have a pair of horns on your head.
You reflexively headbutt those who attack you in melee.


Message History

a - a +0 falchion of freezing Your +2 dagger of venom stops dripping with poison.
Your +0 falchion of freezing glows with a cold blue light!
a - a +0 falchion of freezing (weapon)
A hobgoblin comes into view.
A goblin comes into view. It is wielding a +0 dagger.
The goblin shouts!
The hobgoblin hits you. The hobgoblin hits you.
You closely miss the hobgoblin. You punch the hobgoblin.
The hobgoblin is moderately wounded.
The hobgoblin barely misses you.
You hit the hobgoblin. You freeze the hobgoblin.
You kill the hobgoblin!
Okawaru accepts your kill.
You slash the goblin! You freeze the goblin.
You kill the goblin!
Okawaru accepts your kill.
Things that are here:
a +0 dagger; a goblin corpse
Things that are here:
a +0 dagger; a goblin corpse
Found a book of Displacement.
You see here a book of Displacement.
You pick up a book of Displacement and begin reading...
Unfortunately, you learned nothing new.
A gnoll comes into view. It is wielding a +0 halberd.
The gnoll shouts!
You hear a shout! x2
The gnoll hits you but does no damage.
A gnoll comes into view. It is wielding a +0 spear.
The gnoll shouts!
A gnoll comes into view. It is wielding a +2 vorpal spear.
The gnoll hits you with a +0 halberd. The gnoll hits you with a +0 halberd!
* * * LOW HITPOINT WARNING * * *
The gnoll closely misses you.
You slash the gnoll! You freeze the gnoll. Your headbutt misses the gnoll.
The gnoll is severely wounded.
The gnoll hits you with a +0 halberd!
You die...

###
#.#########
#.......g@#
#.#######.#
########.#
#g#
.......#.#
#g#
.#####.#.#
... #.#
.......#.#
... ### #.#
..######.#
..... ..#
#.#
...).....#
..... #.#
#.#
...####..#
......##.#
#.#


You could see 3 gnolls.

Vanquished Creatures
  2 adders (D:2)
  3 worms
  A dart slug (D:3)
  A ball python (D:1)
  3 endoplasms
  3 giant cockroaches
  3 goblins
  3 hobgoblins
  A kobold (D:3)
  A quokka (D:2)
  3 bats
  2 frilled lizards (D:2)
  2 rats (D:2)
28 creatures vanquished.

Notes
Turn   | Place    | Note
-------+----------+-------------------------------------------
     0 | D:1      | eooof the Minotaur Warper began the quest for the Orb.
     0 | D:1      | Reached XP level 1. HP: 18/18 MP: 1/1
   114 | D:1      | Found a faded altar of an unknown god.
   126 | D:1      | Prayed at the altar of an unknown god.
   126 | D:1      | Became a worshipper of Warmaster Okawaru
   126 | D:1      | Reached * piety under Okawaru
   249 | D:1      | Learned a level 1 spell: Shock
   277 | D:2      | Reached XP level 2. HP: 24/25 MP: 0/3
   777 | D:2      | Reached XP level 3. HP: 11/30 MP: 2/4
  1005 | D:2      | Reached skill level 3 in Fighting
  1283 | D:3      | Reached skill level 1 in Short Blades
  1467 | D:3      | Slain by a gnoll

Illustrated notes

Levels and vault maps discovered:
D:1:      dpeg_arrival_court, layout_basic,
          shapermc_ecumenical_altar_mp_highgroup
D:2:      layout_basic
D:3:      layout_basic, uniq_terence, uniq_robin

Skill      XL: |  1  2  3 |
---------------+----------+-----
Armour         | 2 |  2.1
Fighting       | 3 |  3.2
Short Blades   | 1 |  1.0
Long Blades    | |  2.7
Throwing       | |  1.1
Dodging        | |  2.3
Spellcasting   | |  1.5
Conjurations   | |  0.1
Translocations | |  2.3
Air Magic      | |  0.2

Action                   || total
-------------------------++-------
Melee: Falchion          ||    21
       Dagger            ||    45
       Headbutt          ||     8
       Punch             ||     2
 Cast: Shock             ||     2
  Use: Scroll            ||     2
Armor: Leather armour    ||    25
       Scale mail        ||     1
Dodge: Dodged            ||    41
